 Dungeon Crawl Stone Soup version 0.30-a0-881-g1ff12e1e11 (webtiles) character file.

Game seed: 5111953464327252509

1542 Novel the Grappler (level 8, -6/78 HPs)
             Began as a Troll Berserker on Mar 14, 2023.
             Was a Believer of Trog.
             Mangled by an orc warrior
             ... wielding a +0 flail
              (8 damage)
             ... while paralysed by a hornet
             ... on level 7 of the Dungeon.
             The game lasted 00:32:08 (3973 turns).

Novel the Grappler (Troll Berserker)                Turns: 3973, Time: 00:32:09

Health: -6/78      AC:  7    Str: 28    XL:     8   Next: 56%
Magic:  16/16      EV:  1    Int:  3    God:    Trog [**....]
Gold:   288        SH:  0    Dex:  9    Spells: 7/7 levels left

rFire   . . .      SeeInvis .      - Unarmed
rCold   . . .      Faith    .    (no shield)
rNeg    . . .      Spirit   .    I - +0 steam dragon scales
rPois   .          Reflect  .    (helmet restricted)
rElec   .          Rampage  .    (no cloak)
rCorr   .                        (gloves unavailable)
Will    .....                    (boots unavailable)
Stlth   ++                       (no amulet)
HPRegen 1.13/turn                y - ring of magical power
MPRegen 0.15/turn                (no ring)

@: paralysed, lethally poisoned (-6 -> -28), slowed
A: large, unfitting armour, claws 3, regeneration 1, shaggy fur 1, tough skin 1
a: Renounce Religion, Berserk, Trog's Hand


You were on level 7 of the Dungeon.
You worshipped Trog.
Trog was pleased with you.
You visited 1 branch of the dungeon, and saw 7 of its levels.

You collected 288 gold pieces.

Inventory:

Hand Weapons
 c - a +0 dagger
 d - a +0 spear
 f - a +0 short sword
 l - a +0 club
 p - a +0 long sword
 s - a +0 sling
 u - a +0 flail
 w - the +7 staff of the Meek {protect, meekguard}
   (You found it on level 4 of the Dungeon)
 G - a +0 flail of draining
 J - a +0 scimitar
 L - a +0 rapier of venom
Missiles
 D - 22 stones (quivered)
 F - 3 poisoned darts
Armour
 a - a +0 animal skin
 e - a +0 ring mail
 k - a +0 robe
 r - a +0 robe
 t - a +0 pair of gloves
 B - a +1 pair of boots
 E - a +0 plate armour
 I - +0 steam dragon scales (worn)
Jewellery
 y - a ring of magical power (left claw)
Wands
 H - a wand of quicksilver (6)
 K - a wand of flame (10)
Scrolls
 g - 10 scrolls of identify {unknown}
 j - a scroll of immolation {unknown}
 v - a scroll of noise {unknown}
 C - 2 scrolls of fog {unknown}
 N - a scroll of teleportation {unknown}
Potions
 b - 2 potions of ambrosia {unknown}
 h - 2 potions of curing
 i - a potion of attraction {unknown}
 m - 2 potions of haste
 n - a potion of magic {unknown}
 o - a potion of flight {unknown}
 q - 2 potions of degeneration {unknown}
 x - 3 potions of lignification {unknown}
 z - 2 potions of heal wounds {unknown}
 A - 2 potions of brilliance {unknown}
 M - a potion of invisibility {unknown}


   Skills:
 + Level 3.7 Fighting
 + Level 4.8 Dodging
 + Level 2.0 Stealth
 + Level 8.7 Unarmed Combat


You had 7 spell levels left.
You didn't know any spells.
Your spell library contained the following spells:

 Spells                   Type           Power      Damage    Failure   Level
 Magic Dart               Conj           0%         1d3       52%         1
 Call Imp                 Summ           0%         N/A       67%         2
 Ensorcelled Hibernation  Hex/Ice        0%         N/A       67%         2
 Passwall                 Tmut/Erth      0%         N/A       67%         2
 Kindle Blastsparks       Fire/Tloc/Air  0%         2d10      88%         3
 Mephitic Cloud           Conj/Pois/Air  0%         N/A       88%         3
 Swiftness                Air            0%         N/A       88%         3
 Fulminant Prism          Conj/Hex       0%         3d5       99%         4
 Iskenderun's Mystic Bla  Conj/Tloc      0%         2d3       99%         4
 Lee's Rapid Deconstruct  Erth           0%         3d4*      100%        5


Dungeon Overview and Level Annotations

Branches:
Dungeon (7/15)
 Temple: D:4-7

Altars:


Innate Abilities, Weirdness & Mutations

You are too large for most types of armour.
You have claws for hands.
Your natural rate of healing is unusually fast.
You are covered in fur. (AC +1)
You have tough skin. (AC +1)


Message History

You now have 288 gold pieces (gained 9).
Found a scroll labelled XEIKHA JACKEARR.
There is a stone staircase leading down here.
C - 2 scrolls labelled XEIKHA JACKEARR (gained 1)
Found a scroll labelled ULEODI UBBU.
A centaur comes into view.
N - a scroll labelled ULEODI UBBU
Found 20 gold pieces.
A hornet comes into view.
The hornet buzzes angrily.
The centaur shouts!
You hear a shout!
The hornet closely misses you.
An orc comes into view. It is wielding a +0 short sword.
An orc warrior comes into view. It is wielding a +0 flail.
You see here 20 gold pieces.
You closely miss the hornet. You claw the hornet!
The hornet is moderately wounded.
The hornet stings you!
You are poisoned.
You suddenly lose the ability to move!
The hornet stings you!
You are more poisoned.
You shrug off the repeated paralysis!
You feel very sick. The hornet stings you.
You are more poisoned.
You feel yourself slow down.
You feel yourself speed up.
You feel extremely sick. The hornet stings you!
You shrug off the repeated paralysis!
The hornet stings you!
* * * LOW HITPOINT WARNING * * *
You shrug off the repeated paralysis!
The orc warrior hits you with a +0 flail.
* * * LOW HITPOINT WARNING * * *
You feel very sick. The hornet stings you!
* * * LOW HITPOINT WARNING * * *
You are more poisoned.
You feel yourself slow down.
The orc warrior hits you with a +0 flail!
You die...

# # o .###. ...# # #.##
.## #.o####..#.# ..
#y@.......# ....#
#..c###..###.# #...)
#... #.## .## #...
##.c# #.# ##.# #...
#...# ##.####..####....
##...##.........##..##.
##.#..#............###.
#.. #.............).##.
#..##..######.....))...


You could see a hornet, an orc warrior and a centaur.

Vanquished Creatures
  Maggie (D:6)
  Prince Ribbit (D:6)
  Menkaure (D:6)
  Edmund (D:6)
  An ice beast (D:6)
  A sky beast (D:6)
  A centaur (D:5)
  A kobold brigand (D:7)
  2 bullfrogs (D:7)
  3 wights (D:7)
  A hound (D:5)
  A jelly (D:4)
  An iguana (D:5)
  5 adders
  2 shadow imps
  A white imp (D:5)
  A worm (D:2)
  2 dart slugs (D:2)
  2 orcs
  3 ball pythons
  5 bats
  10 endoplasms
  5 giant cockroaches
  7 goblins
  6 hobgoblins
  2 jackals (D:2)
  13 kobolds
  2 quokkas
  A frilled lizard (D:1)
  2 rats
85 creatures vanquished.

Notes
Turn   | Place    | Note
-------+----------+-------------------------------------------
     0 | D:1      | Novel the Troll Berserker began the quest for the Orb.
     0 | D:1      | Reached XP level 1. HP: 22/22 MP: 0/0
   186 | D:1      | Reached XP level 2. HP: 29/29 MP: 1/1
   806 | D:2      | Reached XP level 3. HP: 36/36 MP: 2/2
  1133 | D:2      | Reached ** piety under Trog
  2121 | D:4      | Found the +7 staff of the Meek {protect, meekguard}
  2134 | D:4      | Reached skill level 4 in Unarmed Combat
  2326 | D:4      | Reached XP level 4. HP: 44/44 MP: 3/3
  2616 | D:5      | Entered Level 5 of the Dungeon
  2659 | D:5      | Reached XP level 5. HP: 47/52 MP: 4/4
  2785 | D:5      | Noticed a centaur
  2791 | D:5      | Killed a centaur
  2792 | D:5      | Reached skill level 5 in Unarmed Combat
  2801 | D:5      | Reached XP level 6. HP: 61/61 MP: 5/5
  3207 | D:6      | Noticed a sky beast
  3218 | D:6      | Killed a sky beast
  3219 | D:6      | Reached skill level 1 in Stealth
  3250 | D:6      | Noticed Menkaure
  3250 | D:6      | Noticed Edmund
  3258 | D:6      | Killed Edmund
  3259 | D:6      | Reached skill level 6 in Unarmed Combat
  3261 | D:6      | Killed Menkaure
  3262 | D:6      | Reached XP level 7. HP: 67/67 MP: 6/6
  3300 | D:6      | Noticed Maggie
  3310 | D:6      | Killed Maggie
  3311 | D:6      | Reached skill level 7 in Unarmed Combat
  3445 | D:6      | Noticed Prince Ribbit
  3481 | D:6      | Killed Prince Ribbit
  3482 | D:6      | Reached XP level 8. HP: 54/75 MP: 7/7
  3495 | D:6      | Reached skill level 8 in Unarmed Combat
  3968 | D:7      | Noticed a hornet
  3970 | D:7      | Paralysed by a hornet for 3 turns
  3973 | D:7      | HP: 2/78 [hornet (13)]
  3973 | D:7      | Mangled by an orc warrior

Illustrated notes

Levels and vault maps discovered:
D:1:      elethiomel_arrival_infinity_welcomes_careful_drivers, layout_basic
D:2:      layout_basic, serial_aquarium, aquarium_bridge_straight
          [aquarium_subvault_bridge, aquarium_subvault_window,
          aquarium_subvault_bridge, aquarium_subvault_wall],
          aquarium_window_fake, aquarium_window_2, aquarium_view_2a,
          aquarium_balcony_5a
D:3:      layout_loops_corners, chequers_temple_overflow_minitemple,
          hellmonk_ecumenical_altar_heavens_door, kennysheep_generic_room_2
D:4:      layout_basic, kennysheep_nub
D:5:      layout_loops_ring
D:6:      layout_basic, minmay_temple_entry_enclosed_plants, uniq_menkaure,
          uniq_maggie, uniq_prince_ribbit1, uniq_edmund
D:7:      minmay_polygon_palace, layout_layer_cave, uniq_joseph

Skill      XL: |  1  2  3  4  5  6  7  8 |
---------------+-------------------------+-----
Dodging        | 3 4 |  4.8
Unarmed Combat | 4 5 6 7 8 |  8.7
Fighting       | 3 |  3.7
Stealth        | 1 2 |  2.0

Action                     |  1- 3 |  4- 6 |  7- 9 || total
---------------------------+-------+-------+-------++-------
  Melee: Unarmed           |   113 |    48 |    60 ||   221
         Quarterstaff      |       |     2 |       ||     2
         Punch             |       |       |     5 ||     5
 Invoke: Berserk           |     4 |     4 |     3 ||    11
         Trog's Hand       |     1 |     1 |     2 ||     4
    Use: Potion            |     1 |       |     2 ||     3
         Scroll            |     1 |       |       ||     1
   Stab: Sleeping          |     1 |     1 |     1 ||     3
 Armour: Animal skin       |    27 |       |       ||    27
         Robe              |     9 |     6 |       ||    15
         Steam dragon scal |       |       |    24 ||    24
  Dodge: Dodged            |    64 |    33 |    22 ||   119

Table legend: (Time is in decaauts)
 A = Elapsed time spent in this place.
 B = Non-inter-level travel time spent in this place.
 C = Inter-level travel time spent in this place.
 D = Time resting spent in this place.
 E = Time spent auto-exploring this place.
 F = Levels seen in this place.
 G = Mean time per level.
                   A        B        C        D        E       F      G
               +--------+--------+--------+--------+--------+-----+--------+
         Total |   4044 |   2404 |   1640 |    100 |      0 |   7 |  577.7 |
       Dungeon |   4044 |   2404 |   1640 |    100 |      0 |   7 |  577.7 |
               +--------+--------+--------+--------+--------+-----+--------+

Top non-repeatable levels by time:
     D:2: 834 daAuts
     D:1: 739 daAuts
     D:5: 604 daAuts
     D:4: 577 daAuts
     D:6: 565 daAuts
     D:3: 484 daAuts
     D:7: 237 daAuts
